 Dungeon Crawl Stone Soup version 0.27.1-34-g3ba077fa99 (webtiles) character file.

Game seed: 13522167199939006582

6 comborobin the Sneak (level 1, -1/22 HPs)
             Began as a Troll Delver on Jan 8, 2022.
             Was an Initiate of Cheibriados (penitent).
             Slain by a water moccasin (5 damage)
             ... on level 5 of the Dungeon.
             The game lasted 00:00:30 (268 turns).

comborobin the Sneak (Troll Delver)                  Turns: 268, Time: 00:00:31

Health: -1/22      AC:  4    Str: 19    XL:     1   Next: 75%
Magic:  0/0        EV:  9    Int:  6    God:    Cheibriados [*]
Gold:   0          SH:  0    Dex: 11    Spells: 0/0 levels left

rFire    . . .     SeeInvis .     - Unarmed
rCold    . . .     Faith    .   (no shield)
rNeg     . . .     Spirit   .   a - +0 robe
rPois    .         Reflect  .   (helmet restricted)
rElec    .         Harm     .   (no cloak)
rCorr    .         Rampage  .   (gloves unavailable)
Will     .....                  (boots unavailable)
Stlth    ++........             (no amulet)
HPRegen  1.07/turn              (no ring)
MPRegen  0.07/turn              (no ring)

@: lethally poisoned (-1 -> -8), hasted, very quick
A: large, unfitting armour, claws 3, regeneration 1, shaggy fur 1, tough skin 1
a: Renounce Religion


You were on level 5 of the Dungeon.
You worshipped Cheibriados.
Cheibriados was demanding penance.
You visited 2 branches of the dungeon, and saw 3 of its levels.

Inventory:

Armour
 a - a +0 robe (worn)
Wands
 f - a wand of digging (3)
Scrolls
 b - a scroll of fog
 d - a scroll of fear


   Skills:
 - Level 2.4 Fighting
 - Level 1.5 Dodging
 - Level 2.7 Stealth
 + Level 2.6 Unarmed Combat


You couldn't memorise any spells.
You didn't know any spells.
Your spell library was empty.

Dungeon Overview and Level Annotations

Branches:
Dungeon (6/15)             Temple (1/1) D:6

Altars:
Ashenzari
Cheibriados
Dithmenos
Fedhas
Gozag
Kikubaaqudgha
Okawaru
Qazlal
Ru
Sif Muna
Trog
Uskayaw
Vehumet
Yredelemnul
Zin
The Shining One


Innate Abilities, Weirdness & Mutations

You are too large for most types of armour.
You have claws for hands.
Your natural rate of healing is unusually fast.
You are covered in fur. (AC +1)
You have tough skin. (AC +1)


Message History

Found 28 arrows.
You see here 18 stones.
A water moccasin comes into view.
A water moccasin is nearby!
An iguana comes into view.
The water moccasin hisses angrily.
The iguana hisses angrily.
Okay, then.
Okay, then.
Okay, then.
Okay, then.
Okay, then.
Okay, then.
Really quaff the potion of haste?
This action would place you under penance!
You feel yourself speed up.
Cheibriados thinks you should slow down.
You feel extremely guilty. "You will pay for your transgression, mortal!"
The water moccasin bites you but does no damage.
You barely miss the water moccasin. The water moccasin bites you.
You are poisoned.
The water moccasin poisons you!
You closely miss the water moccasin.
You feel very sick. The water moccasin bites you!
You barely miss the water moccasin.
You feel sick. The water moccasin misses you.
You scratch the water moccasin.
The water moccasin is lightly wounded.
You feel sick.
You claw the water moccasin!
The water moccasin is heavily wounded.
You feel sick. The water moccasin bites you.
You are lethally poisoned!
The water moccasin poisons you!
You closely miss the water moccasin.
The water moccasin is heavily wounded.
* * * LOW HITPOINT WARNING * * *
You feel very sick. The water moccasin bites you.
You die...

....## #.#.##.#(#
...>.# #....>.#.###
....######.####....#
..)................#
##.########.###.##.#
#.# #.###..#.# #+#
#........#
#####(...# ##@###
#S# #l#
...l...........
##...##.######. ##.
#.# # #.# ... .#.


You could see a water moccasin and an iguana.

Vanquished Creatures
  3 orcs (D:6)
3 creatures vanquished.

Notes
Turn   | Place    | Note
-------+----------+-------------------------------------------
     0 | D:5      | comborobin the Troll Delver began the quest for the Orb.
     0 | D:5      | Reached XP level 1. HP: 22/22 MP: 0/0
    10 | D:6      | Found a staircase to the Ecumenical Temple.
    19 | Temple   | Entered the Ecumenical Temple
   193 | Temple   | Became a worshipper of Cheibriados the Contemplative
   256 | D:5      | Noticed a water moccasin
   259 | D:5      | Noticed an iguana
   262 | D:5      | Was placed under penance by Cheibriados
   268 | D:5      | Slain by a water moccasin

Illustrated notes

Levels and vault maps discovered:
D:5:      layout_loops_corners, grunt_temple_overflow_diamond, st_stairs_8,
          uniq_grinder
D:6:      layout_gridville, kennysheep_mini_moat, minmay_temple_entry_arrows
Temple:   nicolae_temple_elliptical

Action                   || total
-------------------------++-------
Melee: Unarmed           ||    12
  Use: Scroll            ||     1
       Potion            ||     1
Armor: Robe              ||     1
Dodge: Dodged            ||     4
